 Dungeon Crawl Stone Soup version 0.17.0-28-g6e173f8 (webtiles) character file.

1046 M4edhros the Covert (level 8, -2/48 HPs)
             Began as an Octopode Artificer on Nov 29, 2015.
             Splashed by a jelly's acid (8 damage)
             ... on level 6 of the Dungeon.
             The game lasted 00:10:35 (4598 turns).

M4edhros the Covert (Octopode Artificer)            Turns: 4598, Time: 00:10:38

Health: -2/48      AC:  1    Str: 12    XL:     8   Next: 25%
Magic:  22/22      EV:  8    Int: 23    God:
Gold:   110        SH: 14    Dex:  9    Spells: 0 memorised, 7 levels left

rFire  . . .     SeeInvis .     z - +0 spear
rCold  + + .     Clarity  +     k - +2 large shield
rNeg   . . .     SustAt   .     (helmet restricted)
rPois  .         Gourm    .     (no amulet)
rElec  .         Spirit   .     o - ring of the Ten Stars {+Inv rC++ MP+9 Dex-3}
rCorr  .         Warding  .     v - +6 ring of intelligence
rMut   .         Stasis   .     (no ring)
MR     .....                    (no ring)
Stlth  +++++.....               (no ring)
                                (no ring)
                                (no ring)
                                (no ring)

@: not resistant to hostile enchantments, quite stealthy
A: almost no armour, amphibious, 8 rings, constrict 8, camouflage 1, breathe
flames 1, clarity, strong 1, gelatinous body 1
a: Breathe Fire, Evoke Invisibility


You were on level 6 of the Dungeon.
You were very hungry.

You visited 1 branch of the dungeon, and saw 6 of its levels.

You collected 198 gold pieces.
You spent 88 gold pieces at shops.

Inventory:

Hand Weapons
 a - a +0 short sword
 z - a +0 spear (weapon)
Missiles
 g - 96 stones (quivered)
 m - 6 tomahawks of returning
 s - 52 sling bullets
Armour
 k - a +2 large shield (worn)
Jewellery
 o - the ring of the Ten Stars (left tentacle) {+Inv rC++ MP+9 Dex-3}
   (You found it on level 4 of the Dungeon)

   [ring of magical power]

   It affects your dexterity (-3).
   It greatly protects you from cold.
   It affects your magic capacity (+9).
   It lets you turn invisible.
 v - a +6 ring of intelligence (right tentacle)
 C - an uncursed ring of teleportation
Wands
 b - a wand of flame (0)
 c - a wand of enslavement (14)
 d - a wand of random effects (7)
 q - a wand of draining (2)
Scrolls
 i - a scroll of blinking
 r - a scroll of teleportation
 t - a scroll of remove curse
 A - a scroll of recharging
Potions
 f - a potion of might
 l - a potion of heal wounds
 p - a potion of magic {unknown}
 u - a potion of brilliance {unknown}
 w - a potion of curing
 x - a potion of agility
 B - a potion of haste
Books
 n - a book of Annihilations

   Spells                             Type                      Level
   a - Poison Arrow                   Conjuration/Poison           6
   b - Chain Lightning                Conjuration/Air              8
   c - Lehudib's Crystal Spear        Conjuration/Earth            8
   d - Glaciate                       Conjuration/Ice              9
   e - Fire Storm                     Conjuration/Fire             9
 y - a book of Burglary

   Spells                             Type                      Level
   a - Swiftness                      Charms/Air                   2
   b - Passwall                       Transmutation/Earth          3
   c - Passage of Golubria            Translocation                4
   d - Lee's Rapid Deconstruction     Earth                        5
   e - Darkness                       Hexes                        6
   f - Invisibility                   Hexes                        6
Comestibles
 e - 3 bread rations
 h - a meat ration
 j - a beef jerky


   Skills:
 - Level 1.0 Fighting
 - Level 1.0 Short Blades
 - Level 2.0 Dodging
 + Level 8.4 Stealth
 + Level 4.6 Shields
 + Level 6.8 Evocations


You had 7 spell levels left.
You didn't know any spells.

Dungeon Overview and Level Annotations

Branches:
Dungeon (6/15)
 Temple: D:4-7

Altars:
Ashenzari
Kikubaaqudgha
Makhleb
Nemelex Xobeh
Qazlal
Vehumet

Shops:
D:4 *!}

Annotations:
D:2 Ijyb, Natasha
D:5 DLukey's ghost, amateur OpVM
D:6 exclusion: statue


Innate Abilities, Weirdness & Mutations

You cannot wear most types of armour.
You are amphibious.
You can wear up to eight rings at the same time.
You can use your tentacles to constrict eight enemies at once.
Your skin changes colour to match your surroundings (Stealth).
Your rubbery body absorbs attacks (AC +1).
You can breathe flames.
You possess an exceptional clarity of mind.
Your muscles are strong. (Str +2)


Message History

Aim: a jelly (resting)
The bolt of negative energy hits the jelly.
The jelly is drained!
The jelly is almost dead.
The jelly quivers.
This wand has 7 charges left.
Attack whom?
Press: ? - help, Dir - move target cursor, f/p - jelly
Aim: a jelly (almost dead, heavily drained)
You reach to attack!
You hit the jelly but do no damage.
Your tentacles burn!
* * * LOW HITPOINT WARNING * * *
The jelly is almost dead.
You block the jelly's attack.
You hit the jelly.
Your tentacles burn!
* * * LOW HITPOINT WARNING * * *
The jelly is almost dead.
The jelly hits you.
* * * LOW HITPOINT WARNING * * *
You are splashed with acid!
The acid burns!
You die...

### J. #.
####.####
#.....J@#
........#.#
.##.##^.#.#
.. %...#.# #
.###.#.# ..
#.#.##### #
#.#.....#
####...###.##
.#
#...........#


You could see a jelly.

Vanquished Creatures
  Menkaure (D:5)
  An ogre (D:5)
  An orc warrior (D:6)
  3 hounds
  2 crimson imps (D:5)
  A jelly (D:6)
  An orc priest (D:6)
  4 giant frog zombies (D:5)
  A giant frog skeleton (D:6)
  2 worker ants (D:5)
  Terence (D:3)
  An orc wizard (D:4)
  2 iguanas
  7 adders
  3 gnolls (D:5)
  A worker ant zombie (D:5)
  2 oozes
  An adder zombie (D:6)
  A worm (D:4)
  13 orcs
  5 giant cockroaches
  A goblin (D:1)
  10 hobgoblins
  11 jackals
  3 quokkas
  6 bats
  4 giant geckos
  2 giant newts
  4 kobolds
  7 rats
102 creatures vanquished.

Notes
Turn   | Place    | Note
--------------------------------------------------------------
     0 | D:1      | M4edhros the Octopode Artificer began the quest for the Orb.
     0 | D:1      | Reached XP level 1. HP: 13/13 MP: 3/3
   189 | D:1      | Gained mutation: Your muscles are strong. (Str +2) [potion of mutation]
   189 | D:1      | Gained mutation: You can breathe flames. [potion of mutation]
   189 | D:1      | Gained mutation: You possess an exceptional clarity of mind. [potion of mutation]
   261 | D:1      | Reached XP level 2. HP: 13/18 MP: 4/4
   531 | D:2      | Noticed Ijyb
   531 | D:2      | Noticed Natasha
   773 | D:2      | Found an ancient bone altar of Kikubaaqudgha.
   981 | D:3      | Noticed Terence
   994 | D:3      | Killed Terence
   994 | D:3      | Reached skill level 4 in Evocations
   994 | D:3      | Reached XP level 3. HP: 15/23 MP: 4/6
  1103 | D:3      | Found a sparkling altar of Nemelex Xobeh.
  1103 | D:3      | Found a shattered altar of Ashenzari.
  1288 | D:3      | Reached XP level 4. HP: 24/28 MP: 7/7
  1470 | D:3      | Found a glowing drain.
  1914 | D:4      | Found Doqasheh's Gadget Emporium.
  1964 | D:4      | Found Duetoej's Distillery.
  1967 | D:4      | Got a slimy brass ring
  1973 | D:4      | Reached skill level 1 in Shields
  1973 | D:4      | Reached XP level 5. HP: 33/33 MP: 8/8
  1974 | D:4      | Reached skill level 5 in Stealth
  2157 | D:4      | Found Koryonav's General Store.
  2197 | D:4      | Bought a potion of heal wounds for 55 gold pieces
  2197 | D:4      | Bought a potion of curing for 33 gold pieces
  2300 | D:4      | Identified the ring of the Ten Stars {+Inv rC++ MP+9 Dex-3} (You found it on level 4 of the Dungeon)
  2359 | D:5      | Entered Level 5 of the Dungeon
  2466 | D:5      | Reached XP level 6. HP: 10/38 MP: 9/9
  2780 | D:5      | Reached skill level 5 in Evocations
  2875 | D:5      | Noticed an ogre
  2885 | D:5      | Killed an ogre
  2885 | D:5      | Reached skill level 6 in Stealth
  2894 | D:5      | Noticed Menkaure
  2997 | D:5      | Reached XP level 7. HP: 13/43 MP: 11/11
  3440 | D:5      | Reached skill level 7 in Stealth
  3785 | D:5      | Found a burning altar of Makhleb.
  3898 | D:5      | Killed Menkaure
  4141 | D:5      | Noticed DLukey's ghost (amateur OpVM)
  4288 | D:6      | Found a radiant altar of Vehumet.
  4394 | D:6      | Reached XP level 8. HP: 42/48 MP: 12/12
  4421 | D:6      | Reached skill level 8 in Stealth
  4565 | D:6      | Found a stormy altar of Qazlal.
  4598 | D:6      | Splashed by a jelly's acid

Action                   |  1- 3 |  4- 6 |  7- 9 || total
-------------------------+-------+-------+-------++-------
Melee: Short sword       |    44 |   116 |    16 ||   176
       Spear             |       |       |    92 ||    92
Evoke: Wand              |     1 |    10 |    13 ||    24
  Use: Potion            |     5 |     1 |     1 ||     7
       Scroll            |       |     4 |     3 ||     7
 Stab: Sleeping          |    12 |     8 |     7 ||    27
       Distracted        |     1 |     3 |       ||     4
  Eat: Chunk             |     1 |     6 |     4 ||    11
